[Event "Titled Tuesday Blitz April 18 Early 2023"]
[White "HSH1987"]
[Black "Smiechu"]
[WhiteElo "2691"]
[BlackElo "2348"]
[Result "1-0"]
[Round "02"]
[TimeControl "180+2"]
[Date "2023.04.18"]
[WhiteClock "0:01:14"]
[BlackClock "0:00:57"]

1. Nf3 Nf6 2. g3 c5 3. Bg2 Nc6 4. O-O g6 5. b3 Bg7 6. Bb2 O-O 7. c4 d6 8. d4 cxd4 9. Nxd4 Bd7 10. Nc3 Nxd4 11. Qxd4 Bc6 12. Rac1 Ne4 13. Qd3 Nxc3 14. Bxc3 Bxc3 15. Qxc3 Bxg2 16. Kxg2 Rc8 17. Rfd1 Qc7 18. Qf3 Qc6 19. a4 Rfd8 20. e4 a5 21. h4 h5 22. Rd5 Qd7 23. Rxa5 Rc5 24. Rb5 Rdc8 25. Rd1 Rxb5 26. axb5 Ra8 27. e5 Qc7 28. exd6 exd6 29. Qd5 Ra3 30. Rd3 Qc5 31. Qxb7 Ra2 32. Rf3 Ra7 33. Qe4 Qc8 34. Qd4 Rd7 35. Qd5 Qc7 36. Rd3 Kg7 37. c5 Kg8 38. cxd6 Qb6 39. Qc6 Qd8 40. b6 1-0


[Site "https://www.chess.com"]

[Event "Titled Tuesday Blitz April 18 Early 2023"]
[White "Marcziter, Dmitrii"]
[Black "Bernabeu Lopez, Carlos Javier"]
[WhiteFideId "13900765"]
[BlackFideId "2235366"]
[WhiteElo "2162"]
[BlackElo "2344"]
[Result "0-1"]
[Round "02"]
[TimeControl "180+2"]
[Date "2023.04.18"]
[WhiteClock "0:01:11"]
[BlackClock "0:02:54"]

1. e4 e5 2. Nf3 Nf6 3. Nxe5 Nxe4 4. Nf3 d5 5. Nc3 Nxc3 6. dxc3 c6 7. Be3 Bg4 8. Qd2 Qa5 9. Bd3 Nd7 10. h3 Bxf3 11. gxf3 O-O-O 12. Bf5 Bc5 13. a3 Bxe3 14. fxe3 Qb6 15. O-O-O Rhe8 16. Rhe1 g6 17. Bd3 Nc5 18. Bf1 f5 19. Kb1 Re7 20. b3 Rde8 21. Qd4 Nd7 22. Rd3 Ne5 23. Qxb6 axb6 24. Rd4 Nxf3 25. Red1 Nxd4 26. exd4 Re1 27. Kc1 Rxd1+ 28. Kxd1 Re3 29. Kd2 Rf3 30. Be2 Rxh3 31. a4 Kc7 32. c4 h5 33. c5 Rg3 34. b4 h4 35. b5 bxc5 36. dxc5 cxb5 37. axb5 h3 38. c4 dxc4 39. Bxc4 h2 40. Bd5 Rg1 41. b6+ Kb8 42. c6 bxc6 43. Bxc6 h1=Q 44. Bxh1 Rxh1 0-1


[Site "https://www.chess.com"]

[Event "Titled Tuesday Blitz April 18 Early 2023"]
[White "Harshad S"]
[Black "Prieto Aranguren, Alain"]
[WhiteFideId "46616551"]
[BlackFideId "2268906"]
[WhiteElo "2163"]
[BlackElo "2209"]
[Result "1-0"]
[Round "02"]
[TimeControl "180+2"]
[Date "2023.04.18"]
[WhiteClock "0:00:11"]
[BlackClock "0:00:01"]

1. e4 c6 2. Nc3 d5 3. Nf3 Bg4 4. h3 Bh5 5. d4 e6 6. Be2 Nf6 7. e5 Ne4 8. O-O Nxc3 9. bxc3 Be7 10. Rb1 Qc8 11. Bf4 Nd7 12. Qd2 O-O 13. Kh1 Nb6 14. Bd3 Bg6 15. Be3 c5 16. Rb5 cxd4 17. cxd4 Nc4 18. Bxc4 Qxc4 19. Rbb1 Rfc8 20. Rfc1 Ba3 21. Re1 b6 22. Rb3 Be7 23. c3 Rc6 24. Qb2 Rac8 25. Bd2 Qd3 26. a4 Be4 27. Re3 Qa6 28. Qa1 Rc4 29. a5 b5 30. Qb2 Rb8 31. Re1 Qxa5 32. Bg5 Bf8 33. Nd2 Ra4 34. Nxe4 dxe4 35. Bd2 Ra2 36. Qc1 Qa4 37. Rb2 Rxb2 38. Qxb2 b4 39. c4 b3 40. c5 Qa2 41. Rb1 Qxb2 42. Rxb2 Be7 43. Kg1 Bd8 44. Kf1 a5 45. Rb1 a4 46. Bc1 Ba5 47. Ba3 Bb4 48. Bc1 a3 49. Rxb3 a2 50. Bb2 Kf8 51. c6 Ke8 52. c7 Rc8 53. Rxb4 Rxc7 54. Ra4 Rc2 55. Rxa2 Kd7 56. Ra7+ Kc6 57. Ba3 Kd5 58. Bc5 Kc4 59. Ra3 h5 60. Re3 g5 61. Rxe4 g4 62. hxg4 h4 63. g5 Kd3 64. Re3+ Kc4 65. g3 h3 66. Rf3 Rc1+ 67. Ke2 h2 68. Ba3 Ra1 69. Bb2 Rb1 70. Rc3+ Kxd4 71. Rc1+ Rxb2+ 72. Kf3 1-0


[Site "https://www.chess.com"]

[Event "Titled Tuesday Blitz April 18 Early 2023"]
[White "Kvaloy, Aksel Bu"]
[Black "Havanecz, Bianka"]
[WhiteFideId "1528815"]
[BlackFideId "704814"]
[WhiteElo "2208"]
[BlackElo "2340"]
[Result "1-0"]
[Round "02"]
[TimeControl "180+2"]
[Date "2023.04.18"]
[WhiteClock "0:01:27"]
[BlackClock "0:01:22"]

1. d4 d5 2. c4 e6 3. Nf3 Nf6 4. g3 Be7 5. Bg2 O-O 6. O-O dxc4 7. Na3 Bxa3 8. bxa3 Bd7 9. a4 Bc6 10. Qc2 Bd5 11. Ba3 Re8 12. Rfe1 Nbd7 13. e4 Bc6 14. Nd2 Nb6 15. a5 Na4 16. Qxc4 a6 17. Rab1 Bb5 18. Qc2 Qxd4 19. Nb3 Qc3 20. Rbc1 Qxc2 21. Rxc2 c6 22. Bd6 e5 23. f4 exf4 24. gxf4 Rad8 25. e5 Nh5 26. Rf2 f6 27. Nd4 Nc3 28. Bh3 Rxd6 29. exd6 Rxe1+ 30. Kg2 c5 31. Nxb5 Nxb5 32. d7 Rd1 33. a4 Nc7 34. Bg4 g6 35. Rc2 f5 36. Bxd1 Nxf4+ 37. Kf3 Nce6 38. Rxc5 Kf7 39. Rc8 Ke7 40. d8=Q+ Nxd8 41. Kxf4 Ne6+ 42. Ke5 Kd7 43. Rh8 Nc5 44. Rxh7+ Kc8 45. Bf3 1-0


[Site "https://www.chess.com"]

[Event "Titled Tuesday Blitz April 18 Early 2023"]
[White "Elgersma, Onno"]
[Black "Thomas, Anysia"]
[WhiteFideId "1053531"]
[BlackFideId "670472"]
[WhiteElo "2252"]
[BlackElo "2091"]
[Result "1-0"]
[Round "02"]
[TimeControl "180+2"]
[Date "2023.04.18"]
[WhiteClock "0:01:12"]
[BlackClock "0:00:16"]

1. e4 c5 2. Nf3 g6 3. c3 d5 4. e5 Bg7 5. d4 cxd4 6. cxd4 Nc6 7. Bb5 Qb6 8. Nc3 Bg4 9. Nxd5 Qd8 10. Nc3 e6 11. Bg5 Ne7 12. Bxc6+ bxc6 13. Ne4 h6 14. Nf6+ Kf8 15. Be3 Nd5 16. Nxd5 Qxd5 17. h3 Bxf3 18. Qxf3 Qxf3 19. gxf3 Ke7 20. Rc1 Rac8 21. Ke2 Rhd8 22. Rc4 Rd5 23. Rhc1 Kd7 24. b3 Bf8 25. Ra4 Rc7 26. Rc2 g5 27. Kd3 c5 28. Ke4 Bg7 29. f4 gxf4 30. Bxf4 cxd4 31. Rxc7+ Kxc7 32. Rxa7+ Kb6 33. Rxf7 d3 34. Rxg7 d2 35. Bxd2 Rxd2 36. Rg6 Rxf2 37. Rxe6+ Kc5 38. Rxh6 Rxa2 39. Rh8 Rb2 40. Rc8+ Kb6 41. e6 Kb7 42. Rc3 Re2+ 43. Kf5 1-0


[Site "https://www.chess.com"]

[Event "Titled Tuesday Blitz April 18 Early 2023"]
[White "Faci, Fadil"]
[Black "Aggelis, Nikolaos"]
[WhiteFideId "4645162"]
[BlackFideId "4213220"]
[WhiteElo "2145"]
[BlackElo "2189"]
[Result "1/2-1/2"]
[Round "02"]
[TimeControl "180+2"]
[Date "2023.04.18"]
[WhiteClock "0:00:41"]
[BlackClock "0:00:32"]

1. e4 c6 2. d4 d5 3. Nc3 dxe4 4. Nxe4 Nf6 5. Nxf6+ exf6 6. Bf4 Bd6 7. Bxd6 Qxd6 8. Nf3 O-O 9. Be2 h5 10. c3 Re8 11. O-O Nd7 12. Re1 Nf8 13. Qd2 Bf5 14. Bd3 Bxd3 15. Qxd3 Ne6 16. Qf5 Qf4 17. Qxf4 Nxf4 18. Rxe8+ Rxe8 19. Re1 Kf8 20. Rxe8+ Kxe8 21. Ne1 Ke7 22. g3 Nd5 23. f3 f5 24. Kf2 g5 25. Nd3 b5 26. Ne5 c5 27. dxc5 Ke6 28. Nc6 a6 29. Nd4+ Ke5 30. Nc6+ Ke6 31. Nd4+ Ke5 32. a3 f4 33. Nc6+ Kf5 34. Nb4 Nc7 35. Nd3 fxg3+ 36. hxg3 Ke6 37. Nb4 Ke5 38. Ke3 h4 39. gxh4 gxh4 40. Nd3+ Kd5 41. b3 a5 42. Kf4 a4 43. bxa4 bxa4 44. Nb2 Nb5 45. Nxa4 Nxa3 46. Kg4 Kc6 47. Kxh4 Kb5 48. Nb2 Kxc5 49. Kg5 Nb1 50. Nd1 Nd2 51. f4 Kd5 52. Kf6 Ke4 53. Kxf7 Kxf4 54. Ke6 Ke4 55. Kd6 Kd3 56. Kd5 Kc2 57. c4 Nxc4 1/2-1/2


[Site "https://www.chess.com"]

[Event "Titled Tuesday Blitz April 18 Early 2023"]
[White "Shapiro, Viktor"]
[Black "Jaivardhan Raj"]
[WhiteFideId "4175700"]
[BlackFideId "25744437"]
[WhiteElo "2152"]
[BlackElo "1772"]
[Result "1-0"]
[Round "02"]
[TimeControl "180+2"]
[Date "2023.04.18"]
[WhiteClock "0:00:22"]
[BlackClock "0:00:22"]

1. Nf3 c6 2. c4 Nf6 3. Nc3 e6 4. d4 d5 5. Bg5 h6 6. Bh4 Bb4 7. e3 g5 8. Bg3 Ne4 9. Qc2 O-O 10. Bd3 Qa5 11. Bxe4 dxe4 12. Nd2 f5 13. h4 f4 14. Qxe4 Kg7 15. hxg5 fxg3 16. gxh6+ Kh8 17. Qg6 gxf2+ 18. Ke2 Qc7 19. Nde4 Bxc3 20. bxc3 Qf7 21. Qg5 Nd7 22. Raf1 Qh7 23. Rxf2 Rxf2+ 24. Kxf2 Qf5+ 25. Qxf5 exf5 26. Nd6 Nf6 27. h7 Ng4+ 28. Kg3 Nxe3 29. Kf4 Nxg2+ 30. Kg5 Be6 31. Kf6 Bxc4 32. Nxc4 Rf8+ 33. Ke7 Rc8 34. Ne5 Rc7+ 35. Kd6 Rxh7 36. Rg1 Nf4 37. Rf1 Rh6+ 38. Kd7 Rh7+ 39. Kc8 Nd5 40. c4 Ne7+ 41. Kb8 b6 42. Kxa7 Ng6+ 43. Kxb6 Nxe5 44. dxe5 Re7 45. Rxf5 Kg7 46. Kxc6 Kg6 47. Rf6+ Kg5 48. Rd6 Rxe5 49. Rd5 Kf4 50. Rxe5 Kxe5 51. c5 1-0


[Site "https://www.chess.com"]

[Event "Titled Tuesday Blitz April 18 Early 2023"]
[White "Jovic, Stanoje"]
[Black "Delorme, Alban"]
[WhiteFideId "905020"]
[BlackFideId "623636"]
[WhiteElo "2236"]
[BlackElo "2196"]
[Result "1-0"]
[Round "02"]
[TimeControl "180+2"]
[Date "2023.04.18"]
[WhiteClock "0:01:30"]
[BlackClock "0:01:34"]

1. c4 Nf6 2. g3 g6 3. Bg2 Bg7 4. Nc3 O-O 5. Nf3 d6 6. O-O c5 7. d4 Nc6 8. dxc5 dxc5 9. Bf4 Be6 10. Qa4 Qa5 11. Nd2 Nh5 12. Bxc6 Bxc3 13. bxc3 Qxc3 14. Rac1 Qb2 15. Rb1 Qc3 16. Rfc1 Qd4 17. Be3 Qf6 18. Bxb7 Rad8 19. Bf3 Ng7 20. Ne4 Qe5 21. Qxa7 Nf5 22. Qxc5 Qg7 23. Bg5 Rc8 24. Qa7 Bxc4 25. Bxe7 Rfe8 26. Nf6+ Kh8 27. Nxe8 Rxe8 28. Rxc4 Nxe7 29. Qxe7 Rxe7 30. Rc8+ Re8 31. Rxe8+ Qf8 32. Rxf8+ Kg7 33. Rbb8 Kh6 34. a4 Kg5 35. a5 Kh6 36. a6 Kg5 37. a7 Kh6 38. a8=Q Kg5 39. Qa5+ Kh6 40. Qd2+ Kg7 41. Qd4+ Kh6 42. Qf4+ Kg7 43. Rxf7# 1-0


[Site "https://www.chess.com"]

[Event "Titled Tuesday Blitz April 18 Early 2023"]
[White "Davidson, Kevin"]
[Black "Sarana, Alexey"]
[WhiteFideId "2056810"]
[BlackFideId "24133795"]
[WhiteElo "2151"]
[BlackElo "2714"]
[Result "0-1"]
[Round "02"]
[TimeControl "180+2"]
[Date "2023.04.18"]
[WhiteClock "0:00:13"]
[BlackClock "0:02:08"]

1. e4 c5 2. Nf3 d6 3. d4 cxd4 4. Nxd4 Nf6 5. Nc3 a6 6. h3 b5 7. a4 b4 8. Nd5 e6 9. Nxf6+ Qxf6 10. Bd3 Be7 11. O-O O-O 12. Be3 Bb7 13. f4 Nc6 14. Nxc6 Bxc6 15. Qd2 Qxb2 16. Rfb1 Qc3 17. Qxc3 bxc3 18. Rb6 Rfc8 19. Bxa6 Rxa6 20. Rxa6 Bxe4 21. Ra2 g5 22. fxg5 e5 23. Ra7 Bf8 24. a5 d5 25. a6 d4 26. Bc1 Bc5 27. Rd7 Bc6 0-1


[Site "https://www.chess.com"]

[Event "Titled Tuesday Blitz April 18 Early 2023"]
[White "Svane, Rasmus"]
[Black "Yeritsyan, Hayk"]
[WhiteFideId "4657101"]
[BlackFideId "13307320"]
[WhiteElo "2597"]
[BlackElo "2403"]
[Result "1-0"]
[Round "02"]
[TimeControl "180+2"]
[Date "2023.04.18"]
[WhiteClock "0:01:49"]
[BlackClock "0:00:28"]

1. Nf3 d5 2. g3 Nf6 3. Bg2 c6 4. O-O Bf5 5. c4 e6 6. Qb3 Qb6 7. d3 Qxb3 8. axb3 Nbd7 9. cxd5 exd5 10. Bd2 h6 11. Bc3 Be7 12. b4 a6 13. Nbd2 O-O 14. Nb3 Bd8 15. Nfd4 Bh7 16. Rfe1 Bc7 17. e4 dxe4 18. dxe4 Rfe8 19. f3 Bb6 20. Rad1 Rad8 21. Kf1 Ne5 22. Nc5 Bxc5 23. bxc5 Ned7 24. Ba5 Rc8 25. Bh3 Rb8 26. b4 Ne5 27. Bc7 Ra8 28. Kf2 Re7 29. Bd6 Ree8 30. Nb3 Nc4 31. Rd4 Nxd6 32. cxd6 b6 33. e5 Nd5 34. Bd7 Nc3 35. Bxe8 Rxe8 36. e6 fxe6 37. d7 Rd8 38. Rxe6 Nd5 39. Re8+ 1-0


[Site "https://www.chess.com"]

[Event "Titled Tuesday Blitz April 18 Early 2023"]
[White "Grigoriants, Sergey"]
[Black "KorolDimitriy75"]
[WhiteFideId "4130804"]
[WhiteElo "2502"]
[BlackElo "2402"]
[Result "1-0"]
[Round "02"]
[TimeControl "180+2"]
[Date "2023.04.18"]
[WhiteClock "0:00:05"]
[BlackClock "0:00:01"]

1. d4 Nf6 2. c4 c5 3. d5 b5 4. Qc2 bxc4 5. e4 g6 6. Nf3 d6 7. Nc3 Bg7 8. Nd2 O-O 9. Nxc4 Nbd7 10. Be2 Nb6 11. O-O e6 12. dxe6 Bxe6 13. Ne3 d5 14. exd5 Nfxd5 15. Rd1 Nxe3 16. Bxe3 Qe7 17. Bf3 Rac8 18. Ne4 Nc4 19. Bg5 f6 20. Bf4 g5 21. Bd6 Nxd6 22. Nxd6 Rc7 23. Nf5 Qf7 24. Rd6 Kh8 25. Bh5 Bxf5 26. Qxf5 Qxh5 27. Rad1 Qg6 28. Qd5 Rcf7 29. h4 gxh4 30. Qxc5 f5 31. Rxg6 hxg6 32. Qc4 Rf6 33. Qxh4+ Kg8 34. Qc4+ Kh7 35. Rd7 f4 36. Qc7 Rg8 37. Qxa7 Kh6 38. Qc5 g5 39. Qd5 Rgf8 40. g4 fxg3 41. Qh1+ Kg6 42. Qe4+ 1-0


[Site "https://www.chess.com"]

[Event "Titled Tuesday Blitz April 18 Early 2023"]
[White "Kravtsiv, Martyn"]
[Black "Mazurkiewicz, Michal"]
[WhiteFideId "14113147"]
[BlackFideId "1124943"]
[WhiteElo "2695"]
[BlackElo "2054"]
[Result "1-0"]
[Round "02"]
[TimeControl "180+2"]
[Date "2023.04.18"]
[WhiteClock "0:02:04"]
[BlackClock "0:00:30"]

1. b3 Nf6 2. Bb2 g6 3. e4 Bg7 4. e5 Nd5 5. c4 Nb6 6. d4 d6 7. f4 O-O 8. Nf3 Bg4 9. Nbd2 c5 10. dxc5 dxc5 11. h3 Bf5 12. g4 Bd3 13. Bxd3 Qxd3 14. Qe2 Qc2 15. Ne4 Qxe2+ 16. Kxe2 Na6 17. Rad1 Rfd8 18. h4 Nd7 19. h5 Nf8 20. f5 Nd7 21. Rd2 Kf8 22. f6 exf6 23. exf6 Bh6 24. hxg6 1-0


[Site "https://www.chess.com"]

[Event "Titled Tuesday Blitz April 18 Early 2023"]
[White "krucki03"]
[Black "Baskakov, Egor"]
[BlackFideId "24197866"]
[WhiteElo "2399"]
[BlackElo "2212"]
[Result "1-0"]
[Round "02"]
[TimeControl "180+2"]
[Date "2023.04.18"]
[WhiteClock "0:00:24"]
[BlackClock "0:00:21"]

1. e4 c5 2. Nf3 Nf6 3. e5 Nd5 4. Nc3 e6 5. Nxd5 exd5 6. d4 Nc6 7. c3 d6 8. Bb5 Be7 9. exd6 Bxd6 10. Qe2+ Be6 11. dxc5 Bxc5 12. Ng5 O-O 13. Nxe6 fxe6 14. Qxe6+ Kh8 15. O-O Qb6 16. Bd3 Bxf2+ 17. Kh1 Rf6 18. Qh3 h6 19. Bg5 Ne5 20. Bxf6 Qxf6 21. Qf5 Qxf5 22. Bxf5 Bb6 23. Rae1 Nc4 24. Bg6 Nxb2 25. Re7 Bc5 26. Rxb7 Nc4 27. g3 Ne5 28. Bc2 Kg8 29. Bb3 Rd8 30. Rf5 Bd6 31. Bxd5+ Kh7 32. Be4 Kg8 33. Rxa7 Rc8 34. Bd5+ Kh7 35. Ra6 Bb8 36. c4 Nxc4 37. Rc6 Rxc6 38. Bxc6 Ne3 39. Rb5 Bd6 40. a4 Nc4 41. a5 Bc7 42. a6 Bb6 43. Bd5 1-0


[Site "https://www.chess.com"]

[Event "Titled Tuesday Blitz April 18 Early 2023"]
[White "Harsh Suresh"]
[Black "Koutsin, Sergey"]
[WhiteFideId "45018464"]
[BlackFideId "14101483"]
[WhiteElo "2227"]
[BlackElo "2381"]
[Result "1-0"]
[Round "02"]
[TimeControl "180+2"]
[Date "2023.04.18"]
[WhiteClock "0:00:05"]
[BlackClock "0:00:05"]

1. e4 e6 2. d4 d5 3. Nd2 c5 4. Ngf3 Nc6 5. Bb5 a6 6. Bxc6+ bxc6 7. O-O Nf6 8. Re1 Be7 9. b3 cxd4 10. Nxd4 Bb7 11. e5 Nd7 12. Bb2 O-O 13. N4f3 c5 14. Qe2 a5 15. a4 Ba6 16. c4 Nb8 17. Rad1 Nc6 18. Qe3 d4 19. Qe4 Bb7 20. Ba3 Qb6 21. Qd3 Nb4 22. Bxb4 Qxb4 23. Ne4 Rab8 24. Rb1 Rfd8 25. Nfg5 Bxe4 26. Nxe4 Rb6 27. Red1 Rdb8 28. f4 Qa3 29. Nd2 g6 30. g3 Qb4 31. Kg2 Qc3 32. Ne4 Qxd3 33. Rxd3 Rb4 34. Nd2 h5 35. Kf3 Kg7 36. h4 Kf8 37. Ke4 Ke8 38. Rf3 Kd7 39. Kd3 Kc6 40. Rff1 R8b7 41. Kc2 Rb8 42. Rb2 Rd8 43. Rfb1 Bf8 44. Ne4 Be7 45. Nf2 Rb7 46. Nd3 Rh8 47. Kd2 Rbb8 48. Ne1 Rb7 49. Nc2 Rbb8 50. Na3 Rb7 51. Nb5 Rbb8 52. Kd3 Rb7 53. Rg2 Rbb8 54. Rh1 Rh7 55. Ke4 Rbh8 56. Kf3 Kb6 57. Rgh2 Kc6 58. Na3 Kb6 59. Rh3 Kc6 60. Nb5 Kb6 61. R1h2 Kc6 62. Rb2 Kb6 63. Rd2 Kc6 64. Rdh2 Kb6 65. g4 hxg4+ 66. Kxg4 Rh5 67. Na3 Kc6 68. Nc2 Kb6 69. Ne1 Kc6 70. Nd3 Rb8 71. Nf2 Rd8 72. Ne4 Rdh8 73. Ng3 R5h7 74. h5 gxh5+ 75. Rxh5 Rxh5 76. Rxh5 Rg8+ 77. Kf3 Kd7 78. Rh7 Ke8 79. Ne4 Kf8 80. Rh1 Ke8 81. Nf2 Kd7 82. Nd3 Ke8 83. Kf2 Kd7 84. Rg1 Rxg1 85. Kxg1 Ke8 86. Kg2 Kf8 87. Kf3 Kg7 88. Kg4 Kg6 89. Nf2 Bf8 90. Ne4 Be7 91. Ng3 Bf8 92. f5+ exf5+ 93. Nxf5 Bg7 94. Nh4+ Kh6 95. Kf4 Kh5 96. Nf3 Bh6+ 97. Ke4 Kg4 98. Ne1 Bf8 99. Nd3 Kg3 100. Kf5 Kf3 101. Kf6 Ke3 102. Kxf7 Kxd3 103. Kxf8 Kc3 104. e6 d3 105. e7 d2 106. e8=Q d1=Q 107. Qb5 Qd6+ 108. Kf7 Qf4+ 109. Ke6 Qe4+ 110. Kd6 Qd4+ 111. Kc6 1-0


[Site "https://www.chess.com"]

[Event "Titled Tuesday Blitz April 18 Early 2023"]
[White "Petrova, Irina"]
[Black "Galchenko, Matvey"]
[WhiteFideId "14124122"]
[BlackFideId "24175480"]
[WhiteElo "2084"]
[BlackElo "2423"]
[Result "0-1"]
[Round "02"]
[TimeControl "180+2"]
[Date "2023.04.18"]
[WhiteClock "0:00:02"]
[BlackClock "0:00:04"]

1. e4 e6 2. d4 d5 3. Nc3 Bb4 4. Ne2 Nc6 5. a3 Ba5 6. b4 Bb6 7. e5 f6 8. exf6 Qxf6 9. Be3 Nge7 10. Na4 Nf5 11. Nxb6 axb6 12. Qd2 O-O 13. Ng3 Nfxd4 14. Rd1 e5 15. Bd3 Bg4 16. Rc1 Rxa3 17. O-O e4 18. Bb5 Be6 19. Bxc6 Nxc6 20. b5 Ne5 21. Bd4 Ra4 22. c3 Nc4 23. Qc2 Ra5 24. Bxf6 Rxf6 25. Ra1 Rxb5 26. Ra8+ Kf7 27. Qa4 Bd7 28. Qa7 Ke6 29. Qxb7 Rc5 30. Qb8 Kd6 31. Rfa1 e3 32. fxe3 Nxe3 33. R1a7 Rxc3 34. h3 Rc2 35. Ne4+ dxe4 36. Qb7 Rxg2+ 0-1


[Site "https://www.chess.com"]

[Event "Titled Tuesday Blitz April 18 Early 2023"]
[White "Molina, Roberto Junio Brito"]
[Black "Tarasova, Viktoriya"]
[WhiteFideId "2109450"]
[BlackFideId "4175840"]
[WhiteElo "2376"]
[BlackElo "2182"]
[Result "1-0"]
[Round "02"]
[TimeControl "180+2"]
[Date "2023.04.18"]
[WhiteClock "0:00:06"]
[BlackClock "0:00:12"]

1. e4 e5 2. Nf3 Nc6 3. Bb5 a6 4. Ba4 Nf6 5. O-O Nxe4 6. d4 b5 7. Bb3 d5 8. dxe5 Be6 9. c3 Be7 10. Nbd2 Nc5 11. Bc2 d4 12. Nb3 Nxb3 13. Bxb3 dxc3 14. Bxe6 fxe6 15. Qb3 Qd5 16. bxc3 Qxb3 17. axb3 a5 18. Be3 O-O 19. Nd4 Nxd4 20. cxd4 Ra6 21. Rfc1 c6 22. f4 g6 23. Kf2 Rfa8 24. Ke2 Kf7 25. Kd3 Ke8 26. g4 Kd7 27. Ke4 a4 28. bxa4 Rxa4 29. Rab1 Ra2 30. f5 gxf5+ 31. gxf5 exf5+ 32. Kxf5 Rf8+ 33. Ke4 Rxh2 34. Ra1 Rh4+ 35. Kd3 Rc8 36. Rg1 Rh3 37. Rg7 Ke6 38. Ke4 Rh4+ 39. Kd3 Rh3 40. Ra7 Re8 41. Ke4 Rh4+ 42. Bf4 h6 43. Rg6+ Kf7 44. Rxh6 Rxh6 45. Bxh6 b4 46. Rb7 Ke6 47. Rc7 Rh8 48. Bf4 Rh1 49. Rxc6+ Kd7 50. d5 b3 51. e6+ Kd8 52. Rb6 Re1+ 53. Kf5 Rc1 54. d6 Rc8 55. dxe7+ Kxe7 56. Bg5+ Ke8 57. Rxb3 Rc5+ 58. Kf6 Rc6 59. Rb8+ 1-0


[Site "https://www.chess.com"]

[Event "Titled Tuesday Blitz April 18 Early 2023"]
[White "Wagner, Dennis"]
[Black "Manon-og, Ramon Jr."]
[WhiteFideId "24650684"]
[BlackFideId "5200776"]
[WhiteElo "2470"]
[BlackElo "2387"]
[Result "1-0"]
[Round "02"]
[TimeControl "180+2"]
[Date "2023.04.18"]
[WhiteClock "0:00:33"]
[BlackClock "0:00:55"]

1. c4 e5 2. d3 Nf6 3. Nf3 Nc6 4. a3 d5 5. cxd5 Nxd5 6. e4 Nf6 7. Be2 Bg4 8. Be3 Be7 9. Nbd2 O-O 10. b4 a6 11. Rc1 Qd7 12. O-O Rad8 13. Qb3 h6 14. Qb2 Nd4 15. Bxd4 exd4 16. Ne5 Qe6 17. Nxg4 Nxg4 18. h3 Nf6 19. Rxc7 Nd5 20. Bg4 Qe5 21. Rxb7 Nf4 22. Nc4 Qf6 23. Qd2 h5 24. Bf5 Ng6 25. Bxg6 fxg6 26. f4 Qh4 27. Qf2 Qf6 28. Rb6 Qf7 29. Rxa6 Bf6 30. Qf3 Rc8 31. e5 Be7 32. Qe4 Kh7 33. Ra7 Qe6 34. Kh1 Rcd8 35. Rb7 Kh8 36. Rb6 Qf7 37. Qxg6 Qxg6 38. Rxg6 Ra8 39. Rc6 Kh7 40. g3 h4 41. g4 1-0


[Site "https://www.chess.com"]

[Event "Titled Tuesday Blitz April 18 Early 2023"]
[White "Prohaszka, Peter"]
[Black "LeoLV10"]
[WhiteFideId "726265"]
[WhiteElo "2626"]
[BlackElo "2386"]
[Result "1-0"]
[Round "02"]
[TimeControl "180+2"]
[Date "2023.04.18"]
[WhiteClock "0:00:41"]
[BlackClock "0:00:03"]

1. d4 Nf6 2. Bf4 d5 3. e3 e6 4. c4 c5 5. Nf3 Bd6 6. dxc5 Bxc5 7. Nc3 Nc6 8. cxd5 Nxd5 9. Nxd5 Qxd5 10. Qxd5 exd5 11. O-O-O Be6 12. Kb1 O-O 13. Bd3 h6 14. a3 Rfd8 15. Rc1 Bb6 16. Ne5 Nxe5 17. Bxe5 d4 18. e4 Rac8 19. Bf4 f6 20. h4 h5 21. f3 Kf7 22. Rxc8 Rxc8 23. Rc1 Rxc1+ 24. Kxc1 Bd8 25. Kd2 g5 26. Bg3 Ba5+ 27. b4 Bb6 28. Bb5 Ba2 29. Kc2 Ke7 30. Be2 Bf7 31. Kd3 Ba2 32. Bd1 Bb1+ 33. Bc2 Ba2 34. Bf2 Bf7 35. hxg5 fxg5 36. Bxd4 Bc7 37. Bxa7 Be6 38. Be3 g4 39. Bd1 g3 40. Bg5+ Kf7 41. f4 Bg4 42. Bxg4 hxg4 43. e5 Ke6 44. Ke4 Kf7 45. Bh4 Bb6 46. Bxg3 Bg1 47. f5 Ba7 48. e6+ 1-0


[Site "https://www.chess.com"]

[Event "Titled Tuesday Blitz April 18 Early 2023"]
[White "Mika, Tomasz"]
[Black "Bilych, Olexiy"]
[WhiteFideId "1132970"]
[BlackFideId "14156504"]
[WhiteElo "2179"]
[BlackElo "2320"]
[Result "0-1"]
[Round "02"]
[TimeControl "180+2"]
[Date "2023.04.18"]
[WhiteClock "0:00:02"]
[BlackClock "0:00:23"]

1. Nf3 d5 2. c4 d4 3. b4 f6 4. e3 e5 5. c5 a5 6. Qa4+ Bd7 7. Bb5 c6 8. Bc4 Na6 9. Qb3 Nh6 10. exd4 e4 11. O-O exf3 12. Re1+ Be7 13. Qxf3 Nxb4 14. d3 Bg4 15. Qg3 Qxd4 16. Be3 Qxa1 17. Bxh6 f5 18. Bg5 Nd5 19. Bxd5 cxd5 20. Rxe7+ Kf8 21. Re1 h6 22. Bf4 Re8 23. Be5 Qb2 24. h3 Qb4 25. Bd6+ Kf7 26. Rxe8 Rxe8 27. hxg4 Qxb1+ 28. Kh2 Re1 29. Qf4 Rh1+ 30. Kg3 Qxd3+ 31. f3 g5 32. Qe5 f4+ 33. Kf2 Rf1# 0-1


[Site "https://www.chess.com"]

[Event "Titled Tuesday Blitz April 18 Early 2023"]
[White "Khromkin, Andrey"]
[Black "Rakotomaharo, Fy Antenaina"]
[WhiteFideId "4154126"]
[BlackFideId "13100050"]
[WhiteElo "2382"]
[BlackElo "2427"]
[Result "1-0"]
[Round "02"]
[TimeControl "180+2"]
[Date "2023.04.18"]
[WhiteClock "0:01:06"]
[BlackClock "0:00:45"]

1. d4 Nf6 2. c4 g6 3. Nf3 Bg7 4. Nc3 d5 5. cxd5 Nxd5 6. g3 O-O 7. Bg2 c5 8. O-O Nxc3 9. bxc3 Nc6 10. Be3 Qa5 11. Nd2 Rd8 12. Nb3 Qxc3 13. Rc1 Qb4 14. d5 Nd4 15. Rxc5 Nxb3 16. Qxb3 Qxb3 17. axb3 Be5 18. Bf4 Bxf4 19. gxf4 a5 20. Rc7 b6 21. d6 Rb8 22. dxe7 Re8 23. Bc6 Bh3 24. Bxe8 Rxe8 25. Rd1 f6 26. Rd8 Kf7 27. Rxe8 Kxe8 28. Rb7 Bd7 29. Rxb6 Kxe7 30. Ra6 Be6 31. Rxa5 Bxb3 32. e4 h5 33. f3 Bc4 34. Kf2 Ke6 35. Ke3 Ke7 36. f5 g5 37. Kd4 Be2 38. Ra7+ Ke8 39. e5 fxe5+ 40. Kxe5 Bxf3 41. Kf6 g4 42. Kg7 1-0


[Site "https://www.chess.com"]

[Event "Titled Tuesday Blitz April 18 Early 2023"]
[White "Kaganskiy, Gleb"]
[Black "Bocharov, Dmitry"]
[WhiteFideId "4132025"]
[BlackFideId "4138716"]
[WhiteElo "2165"]
[BlackElo "2469"]
[Result "0-1"]
[Round "02"]
[TimeControl "180+2"]
[Date "2023.04.18"]
[WhiteClock "0:01:34"]
[BlackClock "0:02:01"]

1. e4 c5 2. Nf3 d6 3. d4 cxd4 4. Nxd4 Nf6 5. Nc3 a6 6. Rg1 h5 7. h3 e5 8. Nb3 h4 9. Be3 Be7 10. g4 hxg3 11. Rxg3 g6 12. Qd2 Be6 13. O-O-O Nbd7 14. f4 Rc8 15. Bd3 Nh5 16. Rf3 exf4 17. Bd4 Ne5 18. Rxf4 Nxf4 19. Qxf4 Bg5 20. Bxe5 Bxf4+ 21. Bxf4 Rxh3 22. Bf1 Rhxc3 23. bxc3 Qf6 24. Bxd6 Qxc3 25. Nd4 Qa1+ 26. Kd2 Qxd4+ 27. Kc1 Qa1+ 28. Kd2 Qc3+ 29. Kc1 Qxc2# 0-1


[Site "https://www.chess.com"]

[Event "Titled Tuesday Blitz April 18 Early 2023"]
[White "Andreev, Konstantin"]
[Black "brm72"]
[WhiteFideId "24239305"]
[WhiteElo "2106"]
[BlackElo "2673"]
[Result "1-0"]
[Round "02"]
[TimeControl "180+2"]
[Date "2023.04.18"]
[WhiteClock "0:00:42"]
[BlackClock "0:00:28"]

1. e4 c6 2. d4 d5 3. e5 c5 4. dxc5 e6 5. Nf3 Bxc5 6. Bd3 Nc6 7. O-O Nge7 8. a3 Ng6 9. Re1 O-O 10. b4 Be7 11. g3 a5 12. b5 Nb8 13. Bb2 Nd7 14. Nbd2 b6 15. c4 Bb7 16. cxd5 Bxd5 17. Be4 Nc5 18. Qe2 Bxe4 19. Nxe4 Nxe4 20. Qxe4 Bc5 21. Red1 Qe7 22. a4 Rfd8 23. Nd4 Qc7 24. Nc6 Rxd1+ 25. Rxd1 Re8 26. h4 Ne7 27. Nxe7+ Qxe7 28. Bd4 Rc8 29. Bxc5 Qxc5 30. Qb7 h5 31. Rd6 Rf8 32. Qxb6 Qxe5 33. Rd8 Qe1+ 34. Kg2 Qe4+ 35. Kh2 Rxd8 36. Qxd8+ Kh7 37. b6 Qf3 38. Kg1 Qe4 39. Qc7 Qe1+ 40. Kg2 Qe4+ 41. Kh2 Qe2 42. Qc5 Qf3 43. Qd4 e5 44. Qb2 Qb7 45. Kg1 f6 46. Qb5 Qe4 47. b7 Qe1+ 48. Kg2 Qe4+ 49. Kh2 Qf3 50. Qb6 1-0


[Site "https://www.chess.com"]